 Dungeon Crawl Stone Soup version 0.28.0-1-gb440e238dd (webtiles) character file.

Game seed: 1756227376302990574

922 Fractals the Shield-Bearer (level 7, -1/59 HPs)
             Began as a Yellow Draconian Warper on Feb 20, 2022.
             Was an Initiate of Sif Muna.
             Slain by Maggie (2 damage)
             ... on level 6 of the Dungeon.
             The game lasted 00:16:07 (6082 turns).

Fractals the Shield-Bearer (DrWr)                   Turns: 6082, Time: 00:16:07

Health: -1/59      AC:  7    Str: 15    XL:     7   Next: 84%
Magic:  11/11      EV: 12    Int: 13    God:    Sif Muna [......]
Gold:   283        SH:  5    Dex: 11    Spells: 7/12 levels left

rFire   . . .      SeeInvis .   o - +1 dagger (holy)
rCold   . . .      Faith    .   i - +0 buckler
rNeg    . . .      Spirit   .   (armour unavailable)
rPois   +          Reflect  .   (helmet restricted)
rElec   .          Harm     .   g - +0 cloak
rCorr   +          Rampage  .   (no gloves)
Will    .....                   (no boots)
Stlth   ++........              l - amulet of regeneration
HPRegen 0.99/turn               k - ring of poison resistance
MPRegen 0.12/turn               (no ring)

@: short of breath, mesmerised
A: spit acid, AC +6, unfitting armour, cold-blooded, acid resistance
a: Breathe Acid, Renounce Religion


You were on level 6 of the Dungeon.
You worshipped Sif Muna.
Sif Muna was noncommittal.
You visited 2 branches of the dungeon, and saw 7 of its levels.

You collected 283 gold pieces.

Inventory:

Hand Weapons
 o - a +1 dagger of holy wrath (weapon)
Missiles
 c - 5 boomerangs of dispersal (quivered)
 d - 114 stones
Armour
 g - a +0 cloak (worn)
 i - a +0 buckler (worn)
Magical Staves
 w - a staff of cold
Jewellery
 k - a ring of poison resistance (left hand)
 l - an amulet of regeneration (around neck)
Wands
 p - a wand of acid (2)
 u - a wand of mindburst (1)
 x - a wand of paralysis (9)
Scrolls
 e - a scroll of fog {unknown}
 j - a scroll of teleportation {unknown}
 m - 2 scrolls of vulnerability {unknown}
 s - a scroll of blinking
 v - a scroll of identify
Potions
 a - a potion of invisibility {unknown}
 b - a potion of berserk rage {unknown}
 f - 4 potions of curing
 h - 2 potions of heal wounds {unknown}
 n - 3 potions of flight
 q - a potion of haste {unknown}
 r - a potion of brilliance {unknown}
 t - a potion of attraction {unknown}


   Skills:
 - Level 4.0 Fighting
 - Level 2.0 Short Blades
 - Level 0.8 Throwing
 - Level 3.0 Dodging
 - Level 4.0 Stealth
 - Level 5.0 Shields
 + Level 3.1 Spellcasting
 - Level 3.2 Translocations
 + Level 0.5 Air Magic
 - Level 3.0 Evocations


You had 7 spell levels left.
You knew the following spells:

 Your Spells              Type           Power      Damage    Failure   Level
a - Blink                 Tloc           20%        N/A       12%         2
b - Swiftness             Air            3%         N/A       56%         3

Your spell library contained the following spells:

 Spells                   Type           Power      Damage    Failure   Level
 Gell's Gravitas          Tloc           10%        N/A       22%         3
 Lesser Beckoning         Tloc           10%        N/A       22%         3
 Teleport Other           Tloc           10%        N/A       22%         3
 Shock                    Conj/Air       8%         1d3       26%         1
 Manifold Assault         Tloc           10%        N/A       91%         5
 Airstrike                Air            1%         N/A       93%         4


Dungeon Overview and Level Annotations

Branches:
Dungeon (6/15)             Temple (1/1) D:5

Altars:
Cheibriados
Dithmenos
Elyvilon
Fedhas
Gozag
Hepliaklqana
Kikubaaqudgha
Okawaru
Qazlal
Sif Muna
Uskayaw
Vehumet
Xom
Yredelemnul
Zin
The Shining One

Shops:
D:4 [[(

Annotations:
D:6 1 runed translucent door, Crazy Yiuf, Maggie


Innate Abilities, Weirdness & Mutations

You can spit globs of acid.
Your golden yellow scales are hard. (AC +6)
You cannot fit into any form of body armour.
You are cold-blooded and may be slowed by cold attacks.
You are resistant to acid. (rCorr)


Message History

Aim: Maggie, wielding a +2 vorpal broad axe and wearing +0 acid dragon scales (heavily wounded, mesmerising, 64% to hit)
You spit a glob of acid.
The glob of acid hits Maggie!
Maggie is severely wounded.
Unknown command.
You hit Maggie.
Maggie is severely wounded.
Maggie mumbles some strange words.
Maggie draws you further into her thrall.
The forest fire spreads! x2
Unknown command.
You hit Maggie but do no damage.
Maggie is severely wounded.
Maggie completely misses you.
You hit Maggie but do no damage.
Maggie is severely wounded.
Maggie closely misses you.
The forest fire spreads!
You hit Maggie but do no damage. You tail-slap Maggie.
Maggie is severely wounded.
Maggie hits you with a +2 vorpal broad axe.
The forest fire spreads! x3
You hit Maggie.
Maggie is severely wounded.
Maggie hits you with a +2 vorpal broad axe.
* * * LOW HITPOINT WARNING * * *
x2 You hit Maggie.
Maggie is severely wounded.
You block Maggie's attack.
The forest fire spreads!
You hit Maggie but do no damage.
Maggie is severely wounded.
Maggie barely misses you.
The forest fire spreads! x2
You hit Maggie.
Maggie is severely wounded.
Maggie hits you with a +2 vorpal broad axe!
* * * LOW HITPOINT WARNING * * *
x2 You hit Maggie but do no damage.
Maggie is severely wounded.
Maggie gives herself a magical halo, but it quickly sputters out.
Maggie hits you with a +2 vorpal broad axe!
* * * LOW HITPOINT WARNING * * *
You die...

#.# ##...# #####.# #.
#.# ##'## #.^...###.
#.# #.# ##........ #.#
### ##.###### #.# ###
#.# #.# ♣§♣♣♣♣♣♣ #.#
♣§§§§§§♣♣♣♣
#.###♣♣♣♣♣○..§§§@@.♣
#........○§§.♣♣.♣♣..(♣
####.....§♣ ♣§♣ ♣♣♣
##♣♣♣♣♣ ♣♣


You could see Maggie (mesmerising).

Vanquished Creatures
  Eustachio (D:4)
  Menkaure (D:5)
  A water moccasin (D:5)
  A phantom (D:5)
  A scorpion (D:5)
  A hound (D:3)
  A centaur skeleton (D:6)
  An orc priest (D:5)
  2 iguanas
  Natasha (twice) (D:2)
  Ijyb (D:4)
  A killer bee zombie (D:5)
  2 hound skeletons
  A howler monkey zombie (D:5)
  Robin (D:4)
  2 gnolls (D:1)
  5 adders
  5 dart slugs
  9 orcs
  5 ball pythons
  4 bats
  11 endoplasms
  3 giant cockroaches
  8 goblins
  4 hobgoblins
  7 kobolds
  7 quokkas
  4 frilled lizards
  A quokka skeleton (D:4)
  4 rats
97 creatures vanquished.

Notes
Turn   | Place    | Note
-------+----------+-------------------------------------------
     0 | D:1      | Fractals the Draconian Warper began the quest for the Orb.
     0 | D:1      | Reached XP level 1. HP: 17/17 MP: 3/3
    59 | D:1      | Reached skill level 1 in Stealth
   226 | D:1      | Reached XP level 2. HP: 25/25 MP: 5/5
  1063 | D:1      | HP: 1/26 [gnoll (5)]
  1420 | D:2      | Reached XP level 3. HP: 22/31 MP: 6/6
  1800 | D:1      | Learned a level 2 spell: Blink
  2177 | D:1      | Found a faded altar of an unknown god.
  2660 | D:2      | Reached XP level 4. HP: 38/38 MP: 7/7
  2836 | D:2      | Noticed Natasha
  2843 | D:2      | Killed Natasha
  3095 | D:2      | Noticed Natasha
  3108 | D:2      | Killed Natasha
  3109 | D:2      | Reached skill level 1 in Shields
  3428 | D:3      | Reached XP level 5. HP: 45/45 MP: 9/9
  3592 | D:3      | Reached skill level 2 in Shields
  3887 | D:4      | Noticed Eustachio
  4075 | D:4      | Found Fuodah Duda's Antique Weapon Boutique.
  4174 | D:4      | Reached skill level 3 in Shields
  4318 | D:4      | Found Fafa's Antique Armour Boutique.
  4364 | D:4      | Found Nirour's Antique Armour Shop.
  4387 | D:4      | Noticed Robin
  4404 | D:4      | Killed Robin
  4405 | D:4      | Reached XP level 6. HP: 23/51 MP: 10/10
  4598 | D:4      | Noticed Ijyb
  4602 | D:4      | Killed Ijyb
  4788 | D:4      | Killed Eustachio
  4789 | D:4      | Reached skill level 4 in Shields
  4929 | D:5      | Entered Level 5 of the Dungeon
  4929 | D:5      | Found a stormy altar of Qazlal.
  4929 | D:5      | Found a hazy altar of Hepliaklqana.
  4974 | D:5      | Noticed a water moccasin
  5001 | D:5      | Killed a water moccasin
  5002 | D:5      | Your scales start taking on a golden yellow colour.
  5002 | D:5      | Reached XP level 7. HP: 50/58 MP: 11/11
  5002 | D:5      | Gained mutation: You are resistant to acid. (rCorr) [Yellow
                  | Draconian growth]
  5051 | D:5      | Reached skill level 5 in Shields
  5051 | D:5      | Found a blossoming altar of Fedhas.
  5228 | D:5      | Reached skill level 1 in Evocations
  5296 | D:5      | Noticed Menkaure
  5609 | D:5      | Killed Menkaure
  5683 | D:5      | Found a staircase to the Ecumenical Temple.
  5704 | D:5      | Learned a level 3 spell: Swiftness
  5705 | Temple   | Entered the Ecumenical Temple
  5746 | Temple   | Became a worshipper of Sif Muna the Loreminder
  5866 | D:6      | Found a runed translucent door.
  5867 | D:6      | Noticed Crazy Yiuf
  5943 | D:6      | Noticed Maggie
  6082 | D:6      | HP: 1/59 [Maggie (10)]
  6082 | D:6      | Slain by Maggie

Illustrated notes

Levels and vault maps discovered:
D:1:      lemuel_arrival_cross, layout_basic,
          shapermc_ecumenical_altar_acropolis
D:2:      layout_basic, uniq_natasha
D:3:      minmay_diamond_boxcup, layout_rooms, lightli_corner_chamber
D:4:      layout_basic, serial_shops, kennysheep_little_box, kennysheep_mini,
          nicolae_diamond_shop, bh_walls_and_bars, uniq_eustachio, uniq_robin,
          uniq_ijyb
D:5:      layout_loops_cross, nicolae_overflow_hidden_temple,
          minmay_temple_entry_offerings, uniq_menkaure
D:6:      kb_forest_paths, layout_loops_corners, ebering_ghost_sewer_d,
          uniq_pikel, uniq_edmund, uniq_maggie, uniq_crazy_yiuf_cottage
Temple:   nicolae_temple_god_jail

Skill      XL: |  1  2  3  4  5  6  7 |
---------------+----------------------+-----
Stealth        | 1 2 3 4 |  4.0
Fighting       | 3 4 |  4.0
Shields        | 1 3 4 5 |  5.0
Spellcasting   | 3 |  3.1
Dodging        | 3 |  3.0
Evocations     | 3 |  3.0
Short Blades   | |  2.0
Throwing       | |  0.8
Translocations | |  3.2
Air Magic      | |  0.5

Action                   |  1- 3 |  4- 6 |  7- 9 || total
-------------------------+-------+-------+-------++-------
Melee: Short sword       |   118 |    51 |       ||   169
       Tailslap          |    12 |    31 |    12 ||    55
       Dagger            |       |   172 |    98 ||   270
 Abil: Breathe Acid      |       |       |     5 ||     5
Evoke: Wand              |       |     7 |     8 ||    15
  Use: Scroll            |     1 |     3 |       ||     4
 Stab: Sleeping          |     6 |     8 |       ||    14
Armor: Skin              |    21 |    62 |    30 ||   113
Dodge: Dodged            |    54 |   116 |    44 ||   214
Block: Buckler           |     2 |    42 |    14 ||    58
